AoeStats
← LA PRESION II

Arabia

510228240Analyzed
2v2 RM · 1d ago on Sep 30, 2026· 53m 25s· 4 players
Game mode
Random Map
Map size
Medium (4 player)
Population
200
Speed
Normal
Resources
Standard
Victory
Conquest
Starting age
Dark Age
Ending age
Imperial Age
RankedLock teamsTeams togetherTeam positionsShared explorationLock speedFull tech treeHidden civsTurbo modeCheats
Victory
Defeat
🇨🇳 Vikings · China
937
+16
🇺🇸 Muisca · United States
905
+17
🇨🇱 Britons · Chile
937
-17
🇨🇱 Huns · Chile
929
-16
TheBulAb69
0:26 Loom
13:28 Feudal Age
13:50 Horse Collar
15:34 Champi Runner
16:27 Forging
16:17 Scale Mail Armor
26:08 Castle Age
24:15 Fletching
24:40 Padded Archer Armor
26:33 Double-Bit Axe
26:44 Stone Mining
26:44 Gold Mining
26:56 Heavy Plow
27:06 Stone Mining
27:29 Bow Saw
28:11 Bodkin Arrow
30:11 Wheelbarrow
29:05 Crossbowman
31:28 Stone Shaft Mining
32:22 Gold Shaft Mining
33:30 Hand Cart
34:58 Leather Archer Armor
34:57 Thumb Ring
36:40 Ballistics
39:15 Town Watch
42:26 Imperial Age
42:03 Town Patrol
42:05 Herbalism
42:47 Treadmill Crane
43:17 Masonry
44:09 Chemistry
42:53 Treadmill Crane
43:23 Masonry
42:35 Arbalester
43:52 Bracer
44:38 Conscription
47:49 Crop Rotation
48:19 Two-Man Saw
49:03 Siege Engineers
48:57 Murder Holes
50:39 Hoardings
52:05 Siege Engineers
40436350
0:30 Loom
11:58 Feudal Age
17:22 Castle Age
23:29 Fletching
30:16 Bodkin Arrow
43:37 Ballistics
50:21 Double-Bit Axe
54:16 Imperial Age
52:55 Murder Holes
53:15 Bow Saw
Shaggy
5:49 Loom
9:25 Feudal Age
14:40 Fletching
22:22 Wheelbarrow
22:12 Scale Mail Armor
26:08 Castle Age
25:43 Padded Archer Armor
26:46 Bodkin Arrow
26:16 Crossbowman
26:38 Pikeman
34:01 Double-Bit Axe
LA PRESION II
0:47 Loom
11:39 Feudal Age
12:20 Man-at-Arms
13:22 Double-Bit Axe
15:34 Padded Archer Armor
15:25 Fletching
16:48 Fletching
19:17 Wheelbarrow
21:25 Scale Mail Armor
33:30 Castle Age
32:10 Forging
33:41 Crossbowman
33:44 Long Swordsman
33:50 Long Swordsman
39:03 Gold Mining
42:22 Imperial Age
42:06 Scale Barding Armor
47:32 Thumb Ring
Connection lost

Rejoining the realm…

Still unreachable

The connection could not be restored.

Session expired

The server has moved on; the page needs a fresh start.